 Dungeon Crawl Stone Soup version 0.30-a0-368-g86fb4627a9 (webtiles) character file.

Game seed: 8749343461639291579

173 oldriver the Magician (level 5, 0/41 HPs)
             Began as a Mummy Necromancer on Nov 19, 2022.
             Was an Initiate of Qazlal.
             Slain by a black bear (3 damage)
             ... on level 5 of the Dungeon.
             The game lasted 00:03:43 (3720 turns).

oldriver the Magician (Mummy Necromancer)           Turns: 3720, Time: 00:03:44

Health: 0/41       AC:  3    Str: 11    XL:     5   Next: 28%
Magic:  1/12       EV: 12    Int: 16    God:    Qazlal [......]
Gold:   187        SH:  0    Dex: 13    Spells: 6/14 levels left

rFire   . . .      SeeInvis .    k - +1 sling (flame)
rCold   . . .      Faith    +    (no shield)
rNeg    + + +      Spirit   .    a - +0 robe
rPois   ∞          Reflect  .    (no helmet)
rElec   .          Harm     .    l - +0 cloak
rCorr   .          Rampage  .    (no gloves)
Will    +....                    (no boots)
Stlth   ++........               g - amulet of regeneration
HPRegen 1.06/turn                c - ring of willpower
MPRegen 0.13/turn                h - ring of fire

@: about to teleport, very slightly contaminated
A: cold resistance 1, negative energy resistance 3, torment resistance 2, heat
vulnerability 1, in touch with death 1, no potions, faith
a: Renounce Religion


You were on level 5 of the Dungeon.
You worshipped Qazlal.
Qazlal was noncommittal.
You visited 1 branch of the dungeon, and saw 5 of its levels.

You collected 187 gold pieces.

Inventory:

Hand Weapons
 k - a +1 sling of flaming (weapon)
Armour
 a - a +0 robe (worn)
 l - a +0 cloak (worn)
Jewellery
 c - a ring of willpower (left hand)
 g - an amulet of regeneration (around neck)
 h - a ring of fire (right hand)
Scrolls
 b - a scroll of blinking
 d - a scroll of teleportation
 e - a scroll of identify
 f - 2 scrolls of enchant weapon
 i - a scroll of magic mapping {unknown}
 j - a scroll of vulnerability {unknown}


   Skills:
 + Level 3.4 Fighting
 - Level 1.5 Dodging
 - Level 1.5 Stealth
 + Level 5.1 Spellcasting
 - Level 4.0 Necromancy


You had 6 spell levels left.
You knew the following spells:

 Your Spells              Type           Power      Damage    Failure   Level
a - Necrotise             Necr           100%       1d9       3%          1
b - Vampiric Draining     Necr           25%        2d7       9%          3
c - Animate Dead          Necr           25%        N/A       28%         4

Your spell library contained the following spells:

 Spells                   Type           Power      Damage    Failure   Level
 Agony                    Necr           25%        N/A       63%         5
 Irradiate                Conj/Tmut      2%         3d12      99%         5
 Blade Hands              Tmut           Unusable   N/A       N/A         5
 Dragon Form              Tmut           Unusable   N/A       N/A         7

Dungeon Overview and Level Annotations

Branches:
Dungeon (5/15)             Temple (0/1) D:4

Altars:
Hepliaklqana
Qazlal

Annotations:
D:4 Dowan, Duvessa


Innate Abilities, Weirdness & Mutations

You are immune to poison.
Your flesh is cold resistant. (rC+)
You are immune to negative energy. (rN+++)
You are immune to unholy pain and torment.
You are vulnerable to heat. (rF-)
You are in touch with the powers of death.
You do not drink.
You have a special connection with the divine. (Faith)


Message History

Casting: Vampiric Draining (dangerous; 9% risk of failure)
Confirm with . or Enter, or press ? or * to list all spells.
Aiming: Vampiric Draining (dangerous; 9% risk of failure)
Press: ? - help, Shift-Dir - straight line, f - black bear
Aim: a black bear You feel a surge of power!
You miscast Vampiric Draining.
You are very lightly contaminated with residual magic.
Nothing appears to happen.
The black bear bites you.
The black bear claws you but does no damage.
The black bear claws you.
Casting: Vampiric Draining (dangerous; 9% risk of failure)
Confirm with . or Enter, or press ? or * to list all spells.
You don't know that spell.
You shoot a sling bullet.
The sling bullet barely misses the black bear.
The black bear bites you. The black bear misses you. The black bear claws you.
The black bear bites you!
* * * LOW HITPOINT WARNING * * *
The black bear closely misses you. The black bear barely misses you.
You are too injured to fight recklessly!
You are too injured to fight recklessly!
Fire: k) +1 sling (flame)
Press: ? - help, Shift-Dir - straight line, f/p - black bear
Aim: a black bear (64% to hit)
You shoot a sling bullet.
The sling bullet barely misses the black bear.
The black bear bites you.
* * * LOW HITPOINT WARNING * * *
The black bear misses you. The black bear closely misses you.
You aren't carrying any items that you can evoke.
As you read the scroll of teleportation, it crumbles to dust.
You feel strangely unstable. The black bear misses you.
The black bear claws you but does no damage.
The black bear misses you.
Unknown command.
The black bear attacks as you move away!
The black bear bites you.
* * * LOW HITPOINT WARNING * * *
The black bear claws you.
You die...

. ..
#########
...
#.......#
...
#@......#
..
#h..$...#
#.#†......#
#........#
#........#
#:.....###
.#.##.##
.##.# .# .#
#.# ..


You could see a black bear.

Vanquished Creatures
  A hound (D:2)
  An iguana (D:5)
  3 adders (D:2)
  A worm (D:4)
  A dart slug (D:3)
  6 orcs (D:4)
  5 ball pythons
  2 endoplasms
  A giant cockroach (D:3)
  6 goblins
  2 hobgoblins (D:2)
  7 jackals (D:1)
  9 kobolds
  4 quokkas
  8 bats
  3 frilled lizards
  5 rats
  A spectral kobold (D:3)
66 creatures vanquished.

Vanquished Creatures (collateral kills)
  An adder (D:2)
  A jackal (D:1)
  A frilled lizard (D:1)
  A rat (D:2)
4 creatures vanquished.

Vanquished Creatures (others)
  3 plants (D:3)
3 creatures vanquished.

Grand Total: 73 creatures vanquished

Notes
Turn   | Place    | Note
-------+----------+-------------------------------------------
     0 | D:1      | oldriver the Mummy Necromancer began the quest for the Orb.
     0 | D:1      | Reached XP level 1. HP: 13/13 MP: 4/4
   177 | D:1      | Reached skill level 3 in Spellcasting
   183 | D:1      | Reached skill level 1 in Fighting
   185 | D:1      | Reached XP level 2. HP: 17/21 MP: 0/6
  1227 | D:2      | Gained mutation: You are in touch with the powers of death.
                  | [Mummy growth]
  1227 | D:2      | Reached XP level 3. HP: 25/27 MP: 0/8
  1393 | D:2      | Identified the +4 hand axe of Fopletygh {speed, *Corrode
                  | rC+ Str+4}
  1520 | D:2      | Reached skill level 4 in Spellcasting
  1784 | D:2      | Reached XP level 4. HP: 34/34 MP: 5/10
  2326 | D:3      | Found a hazy altar of Hepliaklqana.
  2778 | D:3      | Learned a level 3 spell: Vampiric Draining
  2783 | D:3      | Learned a level 4 spell: Animate Dead
  3232 | D:4      | Found a stormy altar of Qazlal.
  3264 | D:4      | Became a worshipper of Qazlal Stormbringer
  3332 | D:4      | Found a staircase to the Ecumenical Temple.
  3466 | D:4      | Reached XP level 5. HP: 41/41 MP: 12/12
  3692 | D:4      | Noticed Duvessa
  3692 | D:4      | Noticed Dowan
  3695 | D:4      | Reached skill level 5 in Spellcasting
  3703 | D:5      | Entered Level 5 of the Dungeon
  3705 | D:5      | Noticed a black bear
  3720 | D:5      | Slain by a black bear

Illustrated notes

Levels and vault maps discovered:
D:1:      dpeg_arrival_boxes_within_box, layout_loops_corners,
          kennysheep_small_spiral
D:2:      layout_rooms, chequers_jeans
D:3:      layout_loops_cross, zin_angel, nicolae_hepliaklqana_monster_ancestors,
          serial_bayou_lagoon_a
D:4:      layout_loops_corners, general_overflow_altar,
          mainiacjoe_overflow_small_starburst, fedhas_altar_1,
          minmay_temple_entry_overgrown, uniq_duvessa
D:5:      layout_loops_cross, dk_yredelemnul_ordeal,
          pdpol_wu_jian_five_deadly_venoms, minmay_door_square,
          uniq_blork_the_orc

Skill      XL: |  1  2  3  4  5 |
---------------+----------------+-----
Spellcasting   | 3 4 5 |  5.1
Fighting       | 1 2 3 |  3.4
Dodging        | |  1.5
Stealth        | |  1.5
Necromancy     | |  4.0

Action                   |  1- 3 |  4- 6 || total
-------------------------+-------+-------++-------
Melee: Unarmed           |    11 |    21 ||    32
       Dagger            |       |     2 ||     2
 Fire: Sling             |       |    30 ||    30
 Cast: Necrotise         |    65 |    49 ||   114
       Vampiric Draining |       |     3 ||     3
  Use: Scroll            |       |     4 ||     4
Armor: Robe              |     4 |    18 ||    22
Dodge: Dodged            |    24 |    54 ||    78

Table legend: (Time is in decaauts)
 A = Elapsed time spent in this place.
 B = Non-inter-level travel time spent in this place.
 C = Inter-level travel time spent in this place.
 D = Time resting spent in this place.
 E = Time spent auto-exploring this place.
 F = Levels seen in this place.
 G = Mean time per level.
                   A        B        C        D        E       F      G
               +--------+--------+--------+--------+--------+-----+--------+
         Total |   3735 |   3624 |    111 |    157 |   2955 |   5 |  747.0 |
       Dungeon |   3735 |   3624 |    111 |    157 |   2955 |   5 |  747.0 |
               +--------+--------+--------+--------+--------+-----+--------+

Top non-repeatable levels by time:
     D:1: 1199 daAuts
     D:3: 1028 daAuts
     D:2: 1007 daAuts
     D:4: 480 daAuts
     D:5: 19 daAuts
